 Dungeon Crawl Stone Soup version 0.29.1-15-g9cfb28693d (webtiles) character file.

Game seed: 9191125550134589682

527 javelincjr the Magician (level 7, 0/50 HPs)
             Began as a Djinni Conjurer on Mar 16, 2023.
             Was a Priest of Nemelex Xobeh.
             Slain by a gnoll
             ... wielding a +0 whip
             ... led by a gnoll sergeant
              (8 damage)
             ... on level 5 of the Dungeon on Mar 17, 2023.
             The game lasted 00:17:05 (4621 turns).

javelincjr the Magician (Djinni Conjurer)           Turns: 4621, Time: 00:17:06

Health: 0/50       AC:  6    Str:  8    XL:     7   Next: 47%
Gold:   186        EV: 12    Int: 20    God:    Nemelex Xobeh [***...] SH:  4 Dex: 13

rFire   + + .      SeeInvis .   i - +8 whip of Geawudo {chaos, Dex+2}
rCold   x . .      Faith    .   o - +0 buckler
rNeg    . . .      Spirit   .   a - +0 robe
rPois   ∞          Reflect  .   h - +2 helmet
rElec   .          Harm     .   s - +0 cloak
rCorr   .          Rampage  .   (no gloves)
Will    .....                   (boots unavailable)
Stlth   ++........              (no amulet)
HPRegen 0.16/turn               (no ring)
MPRegen 0.00/turn               (no ring)

@: flying
A: sickness immunity, fire resistance 2, cold vulnerability 1, float, innate
caster, HP casting, extra vitality 1
a: Renounce Religion, Draw Escape, Draw Destruction, Draw Summoning, Triple Draw


You were on level 5 of the Dungeon.
You worshipped Nemelex Xobeh.
Nemelex Xobeh was most pleased with you.
You visited 2 branches of the dungeon, and saw 6 of its levels.

You collected 186 gold pieces.

Inventory:

Hand Weapons
 i - the +8 whip of Geawudo (weapon) {chaos, Dex+2}
   (You found it on level 2 of the Dungeon)

   Each time it hits an enemy it has a different, random effect.
   Dex:       It affects your dexterity (+2).
Missiles
 t - 4 boomerangs of dispersal
Armour
 a - a +0 robe (worn)
 h - a +2 helmet (worn)
 o - a +0 buckler (worn)
 s - a +0 cloak (worn)
Wands
 m - a wand of quicksilver (12)
Scrolls
 b - 2 scrolls of vulnerability
 c - a scroll of enchant weapon {unknown}
 g - 2 scrolls of identify {unknown}
 p - a scroll of teleportation {unknown}
 r - a scroll of fear {unknown}
 u - a scroll of immolation {unknown}
Potions
 d - 2 potions of curing {unknown}
 e - a potion of magic {unknown}
 f - a potion of degeneration {unknown}
 j - 2 potions of might {unknown}
 k - 3 potions of heal wounds {unknown}
 l - a potion of ambrosia {unknown}
 n - a potion of invisibility {unknown}
 q - a potion of haste {unknown}


   Skills:
 * Level 3.3 Fighting
 + Level 1.5 Maces & Flails
 + Level 3.9 Dodging
 + Level 3.2 Stealth
 + Level 1.1 Shields
 + Level 3.9 Spellcasting
 + Level 2.1 Invocations


You couldn't memorise any spells.
You knew the following spells:

 Your Spells              Type           Power      Damage    Failure   Level
a - Magic Dart            Conj           76%        1d6       3%          1
b - Searing Ray           Conj           38%        2d5       4%          2
c - Dazzling Flash        Conj/Hex       38%        N/A       10%         3
d - Fulminant Prism       Conj/Hex       9%         3d7       32%         4
e - Iskenderun's Mystic   Conj/Tloc      19%        2d6       32%         4
f - Shock                 Conj/Air       76%        1d7       3%          1
g - Call Imp              Summ           19%        N/A       4%          2
h - Tukima's Dance        Hex            19%        N/A       10%         3
Your spell library was empty.

Dungeon Overview and Level Annotations

Branches:
Dungeon (5/15)             Temple (1/1) D:4

Altars:
Ashenzari
Cheibriados
Dithmenos
Elyvilon
Fedhas
Gozag
Hepliaklqana
Makhleb
Nemelex Xobeh
Okawaru
Qazlal
Ru
Trog
Uskayaw
Wu Jian
Xom
Yredelemnul
Zin
The Shining One

Shops:
D:3 [   D:4 *


Innate Abilities, Weirdness & Mutations

You are immune to sickness and miasma.
You are immune to poison.
Your flesh is very heat resistant. (rF++)
You are vulnerable to cold. (rC-)
You float through the air rather than walking.
You learn spells naturally, not from books.
Your magical power is your life essence.
You have superior vitality. (+4 MHP)


Message History

The orc hits you with a +0 falchion. You block the orc wizard's attack.
The orc hits you with a +0 short sword. The orc barely misses you.
Casting: Searing Ray (safe; 4% risk of failure)
Confirm with . or Enter, or press ? or * to list all spells.
Aiming: Searing Ray (safe; 4% risk of failure)
Press: ? - help, Shift-Dir - straight line, f/p - orc wizard
Aim: an orc wizard, wielding a +2 dagger of protection and wearing a +0 robe (severely wounded, 72% to hit)
The searing ray hits the orc wizard.
You kill the orc wizard!
The searing ray hits the ufetubus.
The ufetubus is heavily wounded. (Press . to maintain the ray.)
The orc hits you but does no damage. You block the orc's attack.
The searing ray hits the ufetubus.
The ufetubus is almost dead.
The orc hits you but does no damage. The orc hits you with a +0 falchion.
The ufetubus misses you. The ufetubus barely misses you.
The searing ray hits the ufetubus!
You kill the ufetubus!
The orc hits you with a +0 short sword. The orc hits you with a +0 falchion.
* * * LOW HITPOINT WARNING * * *
The orc attacks as you move away! The orc hits you but does no damage. x2
A gnoll comes into view. It is wielding a +0 whip.
A gnoll comes into view. It is wielding a +0 whip.
A gnoll sergeant comes into view. It is wielding a +0 spear.
The orc attacks as you move away! The orc barely misses you.
A gnoll comes into view. It is wielding a +0 club.
A gnoll comes into view. It is wielding a +0 spear.
An orc comes into view. It is wielding a +0 hand axe.
The orc shouts!
The gnoll shouts!
You block the gnoll sergeant's attack. You block the gnoll's attack.
The orc attacks as you move away! The orc hits you with a +0 falchion.
* * * LOW HITPOINT WARNING * * *
An orc comes into view. It is wielding a +0 club.
The gnoll sergeant hits you from afar with a +0 spear!
* * * LOW HITPOINT WARNING * * *
The gnoll hits you with a +0 whip!
You die...
Your body disappears without a glow. #.... .. #)..# ...##...# ...#....# ogg..g#

#.o..# .
#g..# ..
#<.@#
...##.go##
.......o.#
.........#
...###..##
<..###..####
...........#
..>....?...#
.......)...#


You could see a gnoll sergeant, 4 gnolls and 4 orcs.

Vanquished Creatures
  A phantom (D:4)
  Crazy Yiuf (D:3)
  2 iguanas (D:4)
  2 orc wizards
  4 gnolls (D:2)
  4 adders
  An ufetubus (D:5)
  2 dart slugs
  5 orcs
  5 ball pythons
  8 endoplasms
  3 giant cockroaches
  7 goblins
  8 hobgoblins
  A jackal (D:1)
  7 kobolds
  5 quokkas
  4 bats
  2 frilled lizards (D:2)
  3 rats
75 creatures vanquished.

Vanquished Creatures (collateral kills)
  Sigmund (D:2)
1 creature vanquished.

Vanquished Creatures (others)
  A fulminant prism (D:2)
  A fungus (D:1)
  A plant (D:1)
3 creatures vanquished.

Grand Total: 79 creatures vanquished

Notes
Turn   | Place    | Note
-------+----------+-------------------------------------------
     0 | D:1      | javelincjr the Djinni Conjurer began the quest for the Orb.
     0 | D:1      | javelincjr set off with the following spells memorised:
                  | Magic Dart, Searing Ray, Dazzling Flash, Fulminant Prism,
                  | Iskenderun's Mystic Blast.
     0 | D:1      | Reached XP level 1. HP: 15/15 MP: 0/0
   283 | D:1      | Reached XP level 2. HP: 19/21 MP: 0/0
   708 | D:1      | Found a faded altar of an unknown god.
   858 | D:1      | Prayed at the altar of an unknown god.
   858 | D:1      | Became a worshipper of Nemelex Xobeh the Trickster
   858 | D:1      | Reached * piety under Nemelex Xobeh
   858 | D:1      | Received a gift from Nemelex Xobeh
   879 | D:1      | Reached XP level 3. HP: 23/25 MP: 0/0
   879 | D:1      | Learned a level 1 spell: Shock
  1501 | D:2      | Identified the +8 whip of Geawudo {chaos, Dex+2}
  1508 | D:2      | Reached XP level 4. HP: 7/31 MP: 0/0
  1762 | D:2      | Reached skill level 1 in Fighting
  1841 | D:2      | Noticed Sigmund
  1943 | D:2      | Killed Sigmund
  1944 | D:2      | Reached skill level 1 in Maces & Flails
  1944 | D:2      | Reached skill level 1 in Invocations
  1944 | D:2      | Reached XP level 5. HP: 37/38 MP: 0/0
  1944 | D:2      | Learned a level 2 spell: Call Imp
  1944 | D:2      | Reached XP level 6. HP: 42/43 MP: 0/0
  2720 | D:2      | Reached ** piety under Nemelex Xobeh
  3020 | D:3      | Received a gift from Nemelex Xobeh
  3123 | D:3      | Found Laolaxi's Armour Boutique.
  3165 | D:3      | Found a shadowy altar of Dithmenos.
  3250 | D:3      | Found a runed translucent door.
  3251 | D:3      | Noticed Crazy Yiuf
  3303 | D:3      | Found a glowing golden altar of the Shining One.
  3303 | D:3      | Found a snail-covered altar of Cheibriados.
  3303 | D:3      | Found a blossoming altar of Fedhas.
  3303 | D:3      | Found a glowing silver altar of Zin.
  3311 | D:3      | Found an opulent altar of Gozag.
  3316 | D:3      | Found a white marble altar of Elyvilon.
  3671 | D:3      | Killed Crazy Yiuf
  3746 | D:4      | Found a hide-covered altar of Uskayaw.
  3956 | D:4      | Reached XP level 7. HP: 49/49 MP: 0/0
  3956 | D:4      | Learned a level 3 spell: Tukima's Dance
  3973 | D:4      | Found a staircase to the Ecumenical Temple.
  3989 | Temple   | Entered the Ecumenical Temple
  4101 | D:4      | Reached skill level 1 in Shields
  4392 | D:4      | Reached *** piety under Nemelex Xobeh
  4447 | D:4      | Found Avennib's CLEARANCE SALE!.
  4485 | D:4      | Found a burning altar of Makhleb.
  4583 | D:5      | Entered Level 5 of the Dungeon
  4621 | D:5      | Slain by a gnoll

Illustrated notes

Levels and vault maps discovered:
D:1:      minmay_arrival_solitary_statue, layout_basic,
          shapermc_ecumenical_altar_ellora
D:2:      layout_basic, chequers_serial_rivers_room_b, kennysheep_potato,
          uniq_sigmund
D:3:      layout_loops_ring, minmay_overflow_temple_hex,
          mainiacjoe_overflow_six_doors_small, serial_shops, shop,
          uniq_crazy_yiuf_cottage
D:4:      layout_gridville, vehumet_crystals, old_standard_altar,
          mainiacjoe_overflow_swirl, minmay_temple_entry_stoned_glass,
          nicolae_shop_clearance
D:5:      layout_gridville
Temple:   minmay_freezing_vapour_temple

Skill      XL: |  1  2  3  4  5  6  7 |
---------------+----------------------+-----
Stealth        | 2 3 |  3.2
Fighting       | 2 3 |  3.3
Maces & Flails | 1 |  1.5
Dodging        | 3 |  3.9
Invocations    | 1 2 |  2.1
Shields        | 1 |  1.1
Spellcasting   | |  3.9

Action                   |  1- 3 |  4- 6 |  7- 9 || total
-------------------------+-------+-------+-------++-------
Melee: Unarmed           |     8 |       |       ||     8
       Whip              |       |    44 |    22 ||    66
 Cast: Magic Dart        |    49 |    39 |    11 ||    99
       Searing Ray       |     4 |     3 |     3 ||    10
       Fulminant Prism   |       |     1 |       ||     1
Invok: Draw Destruction  |     3 |       |     1 ||     4
       Draw Summoning    |       |     1 |       ||     1
  Use: Scroll            |       |       |     3 ||     3
 Stab: Sleeping          |       |     2 |     1 ||     3
Armor: Robe              |     2 |    12 |    13 ||    27
Dodge: Dodged            |    11 |    27 |    17 ||    55
Block: Buckler           |       |     5 |    10 ||    15
